 Dungeon Crawl Stone Soup version 0.29-a0-973-gac7da5f7f0 (webtiles) character file.

Game seed: 11836332813126679895

662 greasedhog the Digger (level 7, -9/36 HPs)
             Began as a Gargoyle Earth Elementalist on July 31, 2022.
             Was an Initiate of Vehumet.
             Killed from afar by a steam dragon (12 damage)
             ... with a ball of steam
             ... on level 4 of the Dungeon.
             The game lasted 00:07:06 (5476 turns).

greasedhog the Digger (Gargoyle Earth Elementalist) Turns: 5476, Time: 00:07:06

Health: -9/36      AC:  7    Str: 11    XL:     7   Next: 56%
Magic:  12/14      EV: 11    Int: 18    God:    Vehumet [......]
Gold:   190        SH:  0    Dex: 10    Spells: 7/15 levels left

rFire   . . .      SeeInvis +   m - staff of air
rCold   . . .      Faith    .   (no shield)
rNeg    + . .      Spirit   .   a - +0 robe
rPois   ∞          Reflect  .   w - +0 helmet
rElec   +          Harm     .   (no cloak)
rCorr   .          Rampage  .   (no gloves)
Will    .....                   (no boots)
Stlth   +++.......              (no amulet)
HPRegen 0.12/turn               c - ring of see invisible
MPRegen 0.14/turn               (no ring)

@: no status effects
A: sickness immunity, AC +4, negative energy resistance 1, electricity
resistance, torment resistance 1, petrification resistance
a: Renounce Religion


You were on level 4 of the Dungeon.
You worshipped Vehumet.
Vehumet was noncommittal.
You visited 2 branches of the dungeon, and saw 6 of its levels.

You collected 190 gold pieces.

Inventory:

Armour
 a - a +0 robe (worn)
 w - a +0 helmet (worn)
Magical Staves
 m - a staff of air (weapon)
Jewellery
 c - a ring of see invisible (left hand)
Wands
 v - a wand of acid (11)
Scrolls
 d - 2 scrolls of fear
 e - a scroll of blinking
 f - a scroll of magic mapping
 h - 2 scrolls of teleportation
 i - a scroll of enchant weapon {unknown}
 l - a scroll of immolation {unknown}
 n - a scroll of fog
 o - 2 scrolls of amnesia {unknown}
 q - a scroll of vulnerability {unknown}
 r - a scroll of torment {unknown}
Potions
 b - a potion of magic
 g - a potion of brilliance {unknown}
 j - a potion of resistance {unknown}
 k - a potion of heal wounds {unknown}
 p - a potion of cancellation
 s - 2 potions of might {unknown}
 t - a potion of berserk rage {unknown}
 u - 2 potions of curing {unknown}


   Skills:
 - Level 1.5 Dodging
 - Level 5.0 Stealth
 * Level 4.9 Spellcasting
 - Level 0.7 Transmutations
 * Level 7.0 Earth Magic


You had 7 spell levels left.
You knew the following spells:

 Your Spells              Type           Power      Damage    Failure   Level
a - Sandblast             Erth           58%        2d13      1%          1
b - Stone Arrow           Conj/Erth      34%        3d9       10%         3
c - Petrify               Tmut/Erth      18%        N/A       26%         4

Your spell library contained the following spells:

 Spells                   Type           Power      Damage    Failure   Level
 Passwall                 Tmut/Erth      15%        N/A       4%          2
 Magic Dart               Conj           16%        1d3       14%         1
 Call Imp                 Summ           4%         N/A       21%         2
 Searing Ray              Conj           8%         2d4       21%         2
 Dazzling Flash           Conj/Hex       8%         N/A       38%         3
 Mephitic Cloud           Conj/Pois/Air  6%         N/A       38%         3
 Borgnjor's Vile Clutch   Necr/Erth      8%         N/A       65%         5
 Fulminant Prism          Conj/Hex       2%         3d6       80%         4
 Alistair's Intoxication  Tmut/Pois      3%         N/A       97%         5
 Irradiate                Conj/Tmut      2%         3d12      97%         5
 Agony                    Necr           4%         N/A       98%         5
 Silence                  Hex/Air        3%         N/A       98%         5
 Eringya's Noxious Bog    Tmut/Pois      2%         N/A       100%        6
 Sublimation of Blood     Necr           Unusable   N/A       N/A         2

Dungeon Overview and Level Annotations

Branches:
Dungeon (5/15)             Temple (1/1) D:4

Altars:
Dithmenos
Elyvilon
Fedhas
Makhleb
Okawaru
Ru
Sif Muna
Vehumet
Wu Jian
Xom
Yredelemnul
Zin
The Shining One


Innate Abilities, Weirdness & Mutations

You are immune to sickness and miasma.
Your stone body is resilient. (AC +4)
You are immune to poison.
You resist negative energy. (rN+)
You are resistant to electric shocks. (rElec)
You are resistant to unholy torment.
You are immune to petrification.


Message History

There is a stone staircase leading down here.
You start resting.
HP restored.
There is a stone staircase leading down here.
You climb downwards.
The centaur shoots an arrow.
The arrow hits you!
There is a stone staircase leading up here.
The steam dragon barely misses you.
The steam dragon claws you but does no damage.
You climb upwards.
There is a stone staircase leading down here.
Aiming: Corrosive Bolt
Press: ? - help, Shift-Dir - straight line, f - steam dragon
Aim: a steam dragon (71% to hit)
The bolt of acid misses the steam dragon.
The steam dragon bites you but does no damage.
The steam dragon claws you but does no damage.
Aiming: Corrosive Bolt
Press: ? - help, Shift-Dir - straight line, f/p - steam dragon
Aim: a steam dragon (71% to hit)
The bolt of acid hits the steam dragon!
The acid corrodes the steam dragon!
The steam dragon is moderately wounded.
The steam dragon bites you.
The steam dragon claws you but does no damage.
The blast of sand misses the steam dragon.
The steam dragon breathes steam at you. The ball of steam misses you.
The steam dragon barely misses you.
The steam dragon claws you but does no damage.
Unknown command.
The blast of sand hits the steam dragon.
The steam dragon is heavily wounded.
You are engulfed in a cloud of scalding steam.
* * * LOW HITPOINT WARNING * * *
The steam dragon bites you but does no damage.
The steam dragon claws you but does no damage.
The steam dragon bites you!
* * * LOW HITPOINT WARNING * * *
The steam dragon claws you but does no damage.
The steam dragon breathes steam at you. The ball of steam hits you!
You die...

.####.#
#...≈≈≈≈≈≈≈≈≈≈≈≈≈......#
#####.#
#.....≈≈≈≈≈≈≈≈≈....#####
......###.......≈≈≈≈≈......#
##.........................#
.####.##.###################
.._#..##.##
####......########
##.##.##......D§§#
.......).####.##@#
.....###.# #.##.# .....# #.#
##.##.# .....# #.# #..##.#
.....# #.# #.###.# .....#
#.# #.# #.# ######
#.###(###.# ### #.........#
..# ########.#####


You could see a steam dragon (catching breath, corroded).

Vanquished Creatures
  A troll (D:5)
  Eustachio (D:4)
  A phantom (D:4)
  A scorpion (D:4)
  8 adders
  3 gnolls (D:3)
  2 worms
  2 dart slugs
  4 orcs (D:4)
  5 ball pythons
  5 endoplasms
  6 goblins
  5 hobgoblins
  7 jackals (D:1)
  4 quokkas
  4 bats
  7 frilled lizards
  8 kobolds
  A rat (D:3)
75 creatures vanquished.

Notes
Turn   | Place    | Note
-------+----------+-------------------------------------------
     0 | D:1      | greasedhog the Gargoyle Earth Elementalist began the quest
                  | for the Orb.
     0 | D:1      | Reached XP level 1. HP: 10/10 MP: 3/3
   464 | D:1      | Reached XP level 2. HP: 15/15 MP: 3/5
   547 | D:1      | Reached skill level 4 in Earth Magic
   852 | D:1      | Found a faded altar of an unknown god.
   857 | D:1      | Reached XP level 3. HP: 19/19 MP: 4/6
   861 | D:1      | Learned a level 3 spell: Stone Arrow
  1570 | D:2      | Reached XP level 4. HP: 24/24 MP: 5/8
  2263 | D:3      | Found a basalt altar of Yredelemnul.
  2385 | D:3      | Learned a level 4 spell: Petrify
  2727 | D:3      | Found a shadowy altar of Dithmenos.
  2971 | D:3      | Reached XP level 5. HP: 28/28 MP: 6/9
  3037 | D:3      | Reached skill level 5 in Earth Magic
  3601 | D:4      | Noticed Eustachio
  3607 | D:4      | Killed Eustachio
  3608 | D:4      | Reached XP level 6. HP: 24/32 MP: 6/11
  3859 | D:4      | Found a staircase to the Ecumenical Temple.
  3888 | Temple   | Entered the Ecumenical Temple
  4011 | Temple   | Became a worshipper of Vehumet
  4223 | D:4      | Found a glowing golden altar of the Shining One.
  4415 | D:4      | Found a sacrificial altar of Ru.
  4415 | D:4      | Found a shimmering blue altar of Sif Muna.
  4426 | D:4      | Found a blossoming altar of Fedhas.
  4429 | D:4      | Found a burning altar of Makhleb.
  4694 | D:4      | Reached skill level 5 in Stealth
  4818 | D:5      | Entered Level 5 of the Dungeon
  4836 | D:5      | Noticed a steam dragon
  4836 | D:5      | Noticed a troll
  4929 | D:4      | Reached skill level 6 in Earth Magic
  4929 | D:4      | Reached XP level 7. HP: 36/36 MP: 9/13
  4965 | D:5      | Killed a troll
  4966 | D:5      | Reached skill level 7 in Earth Magic
  5476 | D:4      | Killed from afar by a steam dragon

Illustrated notes

Levels and vault maps discovered:
D:1:      ebering_hopf_link, layout_loops_cross, basic_ecumenical_altar
D:2:      layout_basic
D:3:      layout_basic, yredelemnul_altar_generic,
          nicolae_dithmenos_the_darkroom, grunt_decor_resistance
D:4:      layout_loops_cross, minmay_overflow_temple_star_hex, temple_pool_b,
          uniq_eustachio
D:5:      layout_loops_ring, slow_altar_1, minmay_hollow_rounded_squares,
          uniq_ijyb
Temple:   hellmonk_temple_beads

Skill      XL: |  1  2  3  4  5  6  7 |
---------------+----------------------+-----
Earth Magic    | 4 5 6 7 |  7.0
Stealth        | 3 4 5 |  5.0
Spellcasting   | 3 4 |  4.9
Dodging        | |  1.5
Transmutations | |  0.7

Action                   |  1- 3 |  4- 6 |  7- 9 || total
-------------------------+-------+-------+-------++-------
Melee: Unarmed           |     1 |       |       ||     1
       Dagger            |    11 |       |       ||    11
 Cast: Sandblast         |    51 |    66 |     6 ||   123
Evoke: Wand              |       |       |     3 ||     3
  Use: Scroll            |     3 |     6 |       ||     9
       Potion            |       |     1 |       ||     1
Armor: Robe              |    15 |    28 |     9 ||    52
Dodge: Dodged            |    37 |    53 |     9 ||    99

Table legend: (Time is in decaauts)
 A = Elapsed time spent in this place.
 B = Non-inter-level travel time spent in this place.
 C = Inter-level travel time spent in this place.
 D = Time resting spent in this place.
 E = Time spent auto-exploring this place.
 F = Levels seen in this place.
 G = Mean time per level.
                   A        B        C        D        E       F      G
               +--------+--------+--------+--------+--------+-----+--------+
         Total |   5604 |   5321 |    283 |    928 |   3759 |   6 |  934.0 |
       Dungeon |   5405 |   5219 |    186 |    928 |   3666 |   5 | 1081.0 |
        Temple |    198 |    101 |     97 |      0 |     93 |   1 |  198.0 |
               +--------+--------+--------+--------+--------+-----+--------+

Top non-repeatable levels by time:
     D:4: 1713 daAuts
     D:3: 1417 daAuts
     D:1: 1366 daAuts
     D:2: 856 daAuts
  Temple: 198 daAuts
     D:5: 51 daAuts
